 Dungeon Crawl Stone Soup version 0.31.0-9-g3a7656b989 (webtiles) character file.

Game seed: 1740181386060141398

135 qw the Skirmisher (level 4, 0/25 HPs)
             Began as a Deep Elf Hunter on Feb 2, 2024.
             Slain by Grinder (7 damage)
             ... on level 3 of the Dungeon.
             The game lasted 00:00:36 (1367 turns).

qw the Skirmisher (Deep Elf Hunter)                 Turns: 1367, Time: 00:00:37

Health: 0/25       AC:  7    Str: 10    XL:     4   Next: 96%
Magic:  6/6        EV: 11    Int: 14    God:
Gold:   127        SH:  0    Dex: 18    Spells: 3/3 levels left

rFire   . . .        a - +0 shortbow
rCold   . . .        (shield currently unavailable)
rNeg    . . .        b - +1 ring mail {Will+}
rPois   .            (no helmet)
rElec   .            (no cloak)
rCorr   .            e - +0 pair of gloves
SInv    .            (no boots)
Will    +....        (no amulet)
Stlth   +            (no ring)
HPRegen 0.24/turn    (no ring)
MPRegen 0.10/turn

%: no passive effects
@: no status effects
A: no striking features
a: no special abilities


You were on level 3 of the Dungeon.
You visited 1 branch of the dungeon, and saw 3 of its levels.

You collected 127 gold pieces.


   Skills:
 - Level 1.5 Fighting
 + Level 8.3 Ranged Weapons
 - Level 2.4 Dodging
 - Level 1.2 Stealth


You had 3 spell levels left.
You didn't know any spells.
Your spell library was empty.

Inventory:

Hand Weapons
 a - a +0 shortbow (weapon)
Armour
 b - a +1 ring mail of willpower (worn)
 e - a +0 pair of gloves (worn)
Potions
 d - a potion of cancellation {unknown}
 f - a potion of attraction {unknown}
 g - a potion of magic {unknown}
 j - a potion of curing {unknown}

Dungeon Overview and Level Annotations

Branches:
Dungeon (3/15)

Altars:

Shops:
D:1 :

Annotations:
D:3 Grinder, Robin


Message History

You shoot an arrow. The arrow barely misses the hobgoblin.
The arrow hits Grinder.
Grinder is lightly wounded.
The bat hits you. The hobgoblin closely misses you.
The goblin hits you but does no damage.
You shoot an arrow. The arrow hits the hobgoblin!
You kill the hobgoblin!
The bat hits you but does no damage. The bat barely misses you.
The goblin hits you with a +0 dagger.
You shoot an arrow.
The arrow hits Grinder but does no damage.
Grinder is lightly wounded.
The bat hits you but does no damage.
Robin of the Strong Arm comes into view.
They are wielding a +0 short sword.
Grinder hits you.
You writhe in agony.
The goblin closely misses you.
You shoot an arrow. The arrow completely misses Grinder.
Robin says, "Bow before me, strongest of all the hobgoblins!"
Grinder hits you but does no damage.
The goblin hits you but does no damage. x2
You shoot an arrow. The arrow barely misses Grinder.
The arrow barely misses the bat.
The goblin closely misses you. Grinder hits you.
You writhe in agony.
The goblin hits you with a +0 dagger.
You shoot an arrow. The arrow hits Grinder.
Grinder is moderately wounded.
Robin roars a battlecry!
The goblins go into a battle-frenzy!
The goblin closely misses you. Grinder hits you but does no damage.
The goblin barely misses you.
You hear a shout! x2
You shoot an arrow. The arrow hits Grinder.
Grinder is moderately wounded.
Grinder closely misses you. The goblin hits you with a +0 dagger.
The goblin hits you but does no damage.
You shoot an arrow.
The arrow hits Grinder but does no damage.
Grinder is moderately wounded.
The goblin completely misses you. The goblin hits you with a +0 dagger.
Grinder hits you!
You die...
Grinder says, "Now the real fun starts!"

. #.# ...%
#.#.g##############
.....ggg..........#
#.gb5@.......%..#
##.###########..#
######..# #.......#
#.####.## #.# #.#
#.# #.# #.#


You could see Grinder, Robin, a hobgoblin (strong), 3 goblins and a bat.

Vanquished Creatures
  Terence (D:2)
  4 adders (D:2)
  A ribbon worm (D:3)
  4 dart slugs
  An orc (D:3)
  4 ball pythons
  5 bats
  3 endoplasms (D:2)
  2 giant cockroaches (D:2)
  3 goblins
  8 hobgoblins
  9 jackals
  2 quokkas
  2 frilled lizards
  8 kobolds
  2 rats
59 creatures vanquished.

Notes
Turn   | Place    | Note
-------+----------+-------------------------------------------
     0 | D:1      | qw the Deep Elf Hunter began the quest for the Orb.
     0 | D:1      | Reached XP level 1. HP: 12/12 MP: 3/3
     0 | D:1      | 0 ||| qw: Version: 0.3-a-155-g5e7d8dd
     0 | D:1      | 0 ||| qw: Game counter: 2815
     0 | D:1      | 0 ||| qw: Melee chars always use a shield: true
     0 | D:1      | 0 ||| qw: God list: Okawaru
     0 | D:1      | 0 ||| qw: Allow faded altars: false
     0 | D:1      | 0 ||| qw: Do Orc after clearing Dungeon:15 true
     0 | D:1      | 0 ||| qw: Do second Lair branch before Depths: true
     0 | D:1      | 0 ||| qw: Lair rune preference: random
     0 | D:1      | 0 ||| qw: Goals: Normal
     0 | D:1      | 0 ||| PLANNING D:1-11
    31 | D:1      | Reached skill level 6 in Ranged Weapons
    31 | D:1      | Reached XP level 2. HP: 16/16 MP: 4/4
    65 | D:1      | Found Onokud's Book Shop.
   443 | D:1      | 443 ||| UPGRADING to +0 pair of gloves.
   448 | D:1      | 448 ||| READING scroll labelled OCKAEN NAEPOR.
   453 | D:1      | 453 ||| READING scroll labelled MYFIUSTRI ZAWN.
   454 | D:1      | 454 ||| READING scroll labelled OTIBID COKLU.
   455 | D:1      | 455 ||| DRINKING 2 fuming silvery potions.
   456 | D:1      | 456 ||| DROPPING scroll of butterflies.
   514 | D:2      | Reached XP level 3. HP: 20/20 MP: 5/5
   672 | D:2      | Reached skill level 7 in Ranged Weapons
   758 | D:2      | Reached XP level 4. HP: 25/25 MP: 6/6
   828 | D:2      | Noticed Terence
   835 | D:2      | HP: 2/25 [Terence/+2 heavy flail (7)]
   836 | D:2      | 836 ||| DRINKING potion of heal wounds.
   845 | D:2      | Killed Terence
   846 | D:2      | Reached skill level 8 in Ranged Weapons
   846 | D:2      | 846 ||| FLEEEEING.
   850 | D:2      | 850 ||| FLEEEEING.
   852 | D:2      | 852 ||| FLEEEEING.
   853 | D:2      | 853 ||| STAIRDANCE
   881 | D:1      | 881 ||| READING scroll labelled CUHAQE QIETIR.
  1204 | D:2      | 1204 ||| UPGRADING to +1 ring mail of willpower.
  1214 | D:2      | 1214 ||| DROPPING +0 leather armour.
  1352 | D:3      | Noticed Grinder
  1362 | D:3      | Noticed Robin
  1367 | D:3      | Slain by Grinder

Levels and vault maps discovered:
D:1:      psy_arrival_basics, layout_rooms, serial_shops, shop, st_stairs_11
D:2:      layout_loops_ring, serial_glass, glass_columns_a, glass_columns_a,
          item_on_display_a, minmay_cut_off, uniq_terence
D:3:      layout_loops_ring, xom_teletrap_fun, serial_shops,
          nicolae_shop_back_alley_shop, serial_bayou_crossing, uniq_jessica,
          uniq_sigmund, uniq_robin, uniq_grinder

Skill      XL: |  1  2  3  4 |
---------------+-------------+-----
Ranged Weapons | 6 7 8 |  8.3
Fighting       | |  1.5
Dodging        | |  2.4
Stealth        | |  1.2

Action                     |  1- 3 |  4- 6 || total
---------------------------+-------+-------++-------
   Fire: Shortbow          |    96 |   103 ||   199
    Use: Scroll            |     3 |     1 ||     4
         Potion            |     1 |     1 ||     2
 Armour: Leather armour    |    14 |    11 ||    25
         Ring mail         |       |    34 ||    34
  Dodge: Dodged            |    19 |    34 ||    53

Table legend:
 A = Non-vault XP
 B = Vault XP
 C = Vault XP percentage of total XP
 D = Non-vault monster count
 E = Vault monster count
 F = Vault count percentage of total count
                 A         B        C        D         E       F
            +---------+---------+-------+---------+---------+-------
      Total |     126 |      67 |  34.7 |      45 |      14 |  23.7
            +---------+---------+-------+---------+---------+-------
        D:1 |      33 |       5 |  13.2 |      14 |       3 |  17.6
        D:2 |      73 |      54 |  42.5 |      22 |       7 |  24.1
        D:3 |      20 |       8 |  28.6 |       9 |       4 |  30.8
            +---------+---------+-------+---------+---------+-------
